[Event "Titled Tuesday Blitz May 24 Late 2022"]
[White "Araujo Sanchez, Josue"]
[Black "Papasimakopoulos, Alexandros"]
[WhiteFideId "6416896"]
[BlackFideId "4244125"]
[WhiteElo "2339"]
[BlackElo "2340"]
[Result "0-1"]
[Round "06"]
[TimeControl "180+1"]
[Date "2022.05.24"]
[WhiteClock "0:00:01"]
[BlackClock "0:00:14"]

1. c4 f5 2. Nf3 Nf6 3. g3 g6 4. Bg2 Bg7 5. O-O O-O 6. Nc3 d6 7. d4 e6 8. Nd2 Nc6 9. d5 Ne5 10. h3 Rb8 11. f4 Nf7 12. e4 fxe4 13. Ndxe4 Nxe4 14. Nxe4 e5 15. Ng5 Nxg5 16. fxg5 b5 17. cxb5 Rxb5 18. Rxf8+ Bxf8 19. Qe2 Rb4 20. Be3 Be7 21. Qd2 a5 22. Rc1 Bf5 23. b3 Bd7 24. h4 Qb8 25. Qc2 Bd8 26. Rf1 Be7 27. Be4 Be8 28. h5 Kg7 29. h6+ Kg8 30. Bd2 Rb5 31. Bc3 a4 32. bxa4 Rc5 33. Qd2 Qa7 34. Kg2 Qxa4 35. Qd3 Rxc3 36. Qxc3 Qxe4+ 37. Kg1 Qxd5 38. Kh2 Bc6 39. Qb2 Bb7 40. Rb1 Bc6 41. Qb8+ Bf8 42. Qb2 Qf3 43. Qb3+ Qxb3 44. Rxb3 Be7 45. Rc3 Be4 46. Rxc7 Bxg5 47. Rg7+ Kh8 48. Rd7 Bxh6 49. Rxd6 Kg7 50. Re6 Bd5 51. Rxe5 Bxa2 52. Re7+ Bf7 53. Ra7 Be3 54. Ra3 Bc5 55. Ra5 Bb4 56. Ra4 Be7 57. Ra7 Bf6 58. Ra6 h5 59. Ra7 Bd4 60. Rd7 Be5 61. Re7 Kf6 62. Rb7 h4 63. Rb6+ Kg7 64. Kh3 Bxg3 65. Ra6 Be8 66. Ra7+ Kf6 67. Ra6+ Ke7 68. Rb6 Bd7+ 69. Kg2 Bf5 70. Ra6 Kf7 71. Rb6 Be5 72. Rb7+ Kf6 73. Rb4 h3+ 74. Kg1 h2+ 75. Kh1 Be6 76. Rb6 Kf5 77. Rb5 g5 78. Ra5 g4 79. Rb5 g3 80. Ra5 Bd7 81. Rc5 Ke6 82. Rc1 Bd4 83. Kg2 Bf2 84. Rc2 Bb5 85. Rc1 Bd3 86. Kh3 Be4 87. Rd1 h1=Q+ 88. Rxh1 Bxh1 89. Kg4 g2 90. Kh3 Ke5 91. Kg4 g1=Q+ 92. Kh5 Bf3+ 93. Kh6 Be3+ 94. Kh7 Qg5 95. Kh8 Kf6 96. Kh7 Qg7# 0-1


[Site "https://www.chess.com"]

[Event "Titled Tuesday Blitz May 24 Late 2022"]
[White "Arnold, Ken"]
[Black "Colivet Gamboa, Julio Cesar"]
[WhiteFideId "2056836"]
[BlackFideId "3949583"]
[WhiteElo "2297"]
[BlackElo "1743"]
[Result "0-1"]
[Round "06"]
[TimeControl "180+1"]
[Date "2022.05.25"]
[WhiteClock "0:01:27"]
[BlackClock "0:02:00"]

1. d4 Nf6 2. c4 e6 3. Nf3 d5 4. cxd5 exd5 5. Nc3 Nc6 6. Bf4 a6 7. e3 Bf5 8. Rc1 Bd6 9. Bxd6 Qxd6 10. a3 O-O 11. Bd3 Bg6 12. O-O Rfe8 13. Bxg6 hxg6 14. Qc2 Ne7 15. Na4 c6 16. Nb6 Rad8 17. Ne5 Nf5 18. b4 Ne4 19. Nd3 Qf6 20. Nc5 Qh4 21. g3 Qh3 22. Nxe4 Rxe4 23. Na4 Rh4 0-1


[Site "https://www.chess.com"]

[Event "Titled Tuesday Blitz May 24 Late 2022"]
[White "Baches Garcia, Guillermo"]
[Black "Prieto Aranguren, Alain"]
[WhiteFideId "2209764"]
[BlackFideId "2268906"]
[WhiteElo "2466"]
[BlackElo "2235"]
[Result "0-1"]
[Round "06"]
[TimeControl "180+1"]
[Date "2022.05.25"]
[WhiteClock "0:00:04"]
[BlackClock "0:01:44"]

1. e4 c6 2. Nc3 d5 3. Nf3 Bg4 4. h3 Bh5 5. exd5 cxd5 6. Bb5+ Nc6 7. g4 Bg6 8. Ne5 Rc8 9. d4 e6 10. h4 f6 11. Nxg6 hxg6 12. Qd3 Kf7 13. a3 Qb6 14. Be3 a6 15. Bxc6 bxc6 16. O-O-O Rb8 17. Na4 Qb5 18. Qxb5 cxb5 19. Nc5 Bxc5 20. dxc5 Ne7 21. f4 Nc6 22. b4 a5 23. c3 Ra8 24. Kb2 Ra6 25. f5 gxf5 26. gxf5 Ne5 27. fxe6+ Kxe6 28. Bd4 Nc4+ 29. Kc2 axb4 30. cxb4 Rxa3 31. Rhe1+ Kf7 32. Ra1 Rxh4 33. Rxa3 Nxa3+ 34. Kb3 Rxd4 35. Kxa3 Rc4 36. Kb3 g5 37. Ra1 g4 38. Ra5 g3 39. Rxb5 g2 0-1


[Site "https://www.chess.com"]

[Event "Titled Tuesday Blitz May 24 Late 2022"]
[White "Barria Zuniga, Daniel"]
[Black "Sydoryka, Vladyslav"]
[WhiteFideId "3400816"]
[BlackFideId "14145928"]
[WhiteElo "2684"]
[BlackElo "2528"]
[Result "0-1"]
[Round "06"]
[TimeControl "180+1"]
[Date "2022.05.25"]
[WhiteClock "0:00:19"]
[BlackClock "0:01:16"]

1. c4 c5 2. g3 Nc6 3. Bg2 g6 4. Nc3 Bg7 5. a3 e6 6. Rb1 Nge7 7. b4 cxb4 8. axb4 d5 9. b5 Na5 10. c5 O-O 11. d4 b6 12. Ba3 Nc4 13. Bb4 a5 14. bxa6 Nc6 15. Nh3 Nxb4 16. Rxb4 bxc5 17. Rxc4 dxc4 18. Bxa8 Bxa6 19. Bf3 cxd4 20. Ne4 f5 21. Neg5 Qa5+ 22. Kf1 e5 23. e4 c3+ 24. Kg2 Qa2 25. exf5 gxf5 26. Qa1 Qxa1 27. Bd5+ Kh8 28. Rxa1 c2 29. Nf7+ Rxf7 30. Bxf7 Bb7+ 31. Kf1 d3 32. Ke1 e4 0-1


[Site "https://www.chess.com"]

[Event "Titled Tuesday Blitz May 24 Late 2022"]
[White "Bibasa, Bob"]
[Black "Kohler, Aran"]
[WhiteFideId "10000240"]
[BlackFideId "1002856"]
[WhiteElo "2032"]
[BlackElo "2258"]
[Result "1/2-1/2"]
[Round "06"]
[TimeControl "180+1"]
[Date "2022.05.25"]
[WhiteClock "0:00:24"]
[BlackClock "0:00:18"]

1. e4 e5 2. Nf3 Nc6 3. Bc4 Nf6 4. d3 Be7 5. c3 O-O 6. Nbd2 d5 7. exd5 Nxd5 8. O-O Bg4 9. h3 Bh5 10. Ne4 Nb6 11. Bb5 f6 12. Ng3 Be8 13. Qb3+ Kh8 14. Nf5 Na5 15. Qd1 Bxb5 16. N3h4 Be8 17. Qg4 Rg8 18. f4 Bc5+ 19. Kh1 Qd7 20. b4 g6 21. Nh6 Qxg4 22. Nxg4 Be7 23. bxa5 Nd5 24. fxe5 f5 25. Nf6 Nxf6 26. exf6 Bxf6 27. Nf3 Bxc3 28. Rb1 Bc6 29. Rb3 Bf6 30. a6 bxa6 31. Bf4 Bd5 32. Ra3 c6 33. Rxa6 Rge8 34. d4 Bxf3 35. Rxf3 Bxd4 36. Rxc6 Re1+ 37. Kh2 Rae8 38. Rd3 Be5 39. Bxe5+ R1xe5 40. Rc7 R5e7 41. Rdd7 Rxd7 42. Rxd7 Ra8 43. a4 a5 44. Kg3 Kg8 45. Kf4 Rb8 46. Ke5 Rb4 47. Kf6 Rb6+ 48. Kg5 Rb4 49. Ra7 Rxa4 50. Kf6 h6 51. Kxg6 Kf8 52. Kxf5 h5 53. Kg5 h4 54. Kf6 Kg8 55. Kg6 Kf8 56. Kf6 Kg8 57. Ra8+ Kh7 58. Ra6 Ra2 59. Kg5 a4 60. Kxh4 Rxg2 61. Rxa4 Rg7 62. Kh5 Rf7 63. Kg5 Rg7+ 64. Kf4 Rf7+ 65. Kg3 Rg7+ 66. Kh2 Rg6 67. h4 Kh6 68. Kh3 Rg1 69. Ra6+ Kh5 70. Ra5+ Kh6 71. Rb5 Rg6 72. Rc5 Rg1 73. Rc4 Rg6 74. Rg4 Rxg4 75. Kxg4 Kg6 76. h5+ Kh6 77. Kh4 Kg7 78. Kg5 Kh7 79. h6 Kg8 80. Kh5 Kh8 81. Kg6 Kg8 82. h7+ Kh8 83. Kh6 1/2-1/2


[Site "https://www.chess.com"]

[Event "Titled Tuesday Blitz May 24 Late 2022"]
[White "Blackman, Justin"]
[Black "Kim, Sergey"]
[WhiteFideId "11100516"]
[BlackFideId "13700570"]
[WhiteElo "2112"]
[BlackElo "2543"]
[Result "0-1"]
[Round "06"]
[TimeControl "180+1"]
[Date "2022.05.25"]
[WhiteClock "0:00:03"]
[BlackClock "0:00:14"]

1. e4 e5 2. Nf3 Nc6 3. Bb5 a6 4. Ba4 Nf6 5. Qe2 b5 6. Bb3 Bc5 7. O-O d6 8. c3 h6 9. Rd1 Bg4 10. d3 O-O 11. Nbd2 Bb6 12. h3 Bh5 13. Nf1 Ne7 14. Ng3 Ng6 15. d4 exd4 16. cxd4 Re8 17. Nxh5 Nxh5 18. a4 Nhf4 19. Qc2 Qf6 20. Kh2 c5 21. axb5 axb5 22. Rxa8 Rxa8 23. e5 dxe5 24. dxc5 Bc7 25. Qe4 Rd8 26. Rxd8+ Bxd8 27. g3 Ne6 28. Be3 Bc7 29. Kg2 Qe7 30. Bxe6 Qxe6 31. b4 f5 32. Qb7 Qd7 33. c6 Qf7 34. Qxb5 f4 35. Bb6 e4 36. Bxc7 exf3+ 37. Kh2 Qxc7 38. g4 Qa7 39. Qd5+ Kh7 40. Qxf3 Qb6 41. h4 Qxb4 42. Qd3 Qc5 43. h5 Qxf2+ 44. Kh1 Qh4+ 45. Kg2 Qxg4+ 46. Kf1 Qxh5 47. c7 Qc5 48. Qd7 Ne7 49. Qd3+ g6 50. Qd7 h5 51. c8=Q Qxc8 52. Qxe7+ Kh6 53. Qe5 Qf5 54. Qh8+ Kg5 55. Qd8+ Kg4 56. Qd1+ f3 57. Qd4+ Qf4 58. Qd7+ Kg3 59. Qd3 Qc1+ 0-1


[Site "https://www.chess.com"]

[Event "Titled Tuesday Blitz May 24 Late 2022"]
[White "Bluebaum, Matthias"]
[Black "Ivanisevic, Ivan"]
[WhiteFideId "24651516"]
[BlackFideId "912417"]
[WhiteElo "2556"]
[BlackElo "2495"]
[Result "1-0"]
[Round "06"]
[TimeControl "180+1"]
[Date "2022.05.24"]
[WhiteClock "0:00:17"]
[BlackClock "0:00:04"]

1. d4 Nf6 2. c4 e6 3. Nc3 Bb4 4. e3 c5 5. Bd3 Nc6 6. Ne2 cxd4 7. exd4 d5 8. cxd5 Nxd5 9. O-O O-O 10. a3 Bd6 11. Re1 Re8 12. Bc2 g6 13. Ng3 Bf8 14. Nge4 Bg7 15. Bg5 Nxc3 16. bxc3 f6 17. Be3 b6 18. h4 Bb7 19. h5 Ne7 20. h6 Bh8 21. Bf4 Nf5 22. Qg4 Rc8 23. Rad1 Qd5 24. Qh3 g5 25. Bh2 Kf8 26. f4 g4 27. Qxg4 Nxh6 28. Qh4 Nf5 29. Qxh7 Bg7 30. Rd2 Re7 31. Qh3 Rf7 32. Rde2 Ne7 33. Nd2 Nf5 34. Bb3 Qd8 35. Bxe6 Nxd4 36. cxd4 Qxd4+ 37. Qe3 f5 38. Bxc8 Bxc8 39. Qxd4 Bxd4+ 40. Kh1 Bb7 41. Re8+ Kg7 42. R8e7 1-0


[Site "https://www.chess.com"]

[Event "Titled Tuesday Blitz May 24 Late 2022"]
[White "Boder, Jan"]
[Black "Kopczynski, Michal"]
[WhiteFideId "16243226"]
[BlackFideId "1124200"]
[WhiteElo "2064"]
[BlackElo "2235"]
[Result "1-0"]
[Round "06"]
[TimeControl "180+1"]
[Date "2022.05.25"]
[WhiteClock "0:01:09"]
[BlackClock "0:00:41"]

1. c4 g6 2. g3 Bg7 3. Bg2 d6 4. Nc3 e5 5. e4 Nc6 6. Nge2 f5 7. d3 Nge7 8. O-O O-O 9. f4 fxe4 10. Nxe4 Bg4 11. h3 Bf5 12. Be3 exf4 13. Nxf4 Bxb2 14. Rb1 Bg7 15. Rxb7 Rb8 16. Rxb8 Qxb8 17. g4 Bd7 18. Ng5 Nd4 19. Bd5+ Nxd5 20. Nxd5 Kh8 21. Nf7+ Kg8 22. Ne7# 1-0


[Site "https://www.chess.com"]

[Event "Titled Tuesday Blitz May 24 Late 2022"]
[White "Bonte, Andrei-Mihai"]
[Black "Rios Escobar, Adan"]
[WhiteFideId "1210297"]
[BlackFideId "3403645"]
[WhiteElo "2192"]
[BlackElo "2406"]
[Result "1-0"]
[Round "06"]
[TimeControl "180+1"]
[Date "2022.05.25"]
[WhiteClock "0:00:14"]
[BlackClock "0:00:01"]

1. d4 Nf6 2. c4 g6 3. Nc3 Bg7 4. e4 d6 5. Nf3 O-O 6. Be2 Na6 7. O-O e5 8. Be3 Qe7 9. d5 Ng4 10. Bg5 f6 11. Bh4 Nh6 12. Nd2 Qf7 13. a3 f5 14. b4 Bd7 15. f3 Kh8 16. Kh1 f4 17. Bf2 g5 18. g4 fxg3 19. hxg3 g4 20. fxg4 Qg6 21. Be3 Nxg4 22. Bxg4 Bxg4 23. Rxf8+ Rxf8 24. Qg1 Rf3 25. Re1 Bh6 26. Kg2 Qh5 27. Nxf3 Bxf3+ 28. Kf2 Bg7 29. g4 Bxg4 30. Qg3 Bf6 31. Rh1 Qxh1 32. Qxg4 Qh2+ 33. Qg2 Bh4+ 34. Kf3 Qxg2+ 35. Kxg2 b6 36. Nb5 Be1 37. Nxa7 Kg7 38. Nb5 Kg6 39. Kh3 h5 40. c5 bxc5 41. bxc5 dxc5 42. Nxc7 Nxc7 43. Bxc5 Nb5 44. Bd6 1-0


[Site "https://www.chess.com"]

[Event "Titled Tuesday Blitz May 24 Late 2022"]
[White "Bortnyk, Olexandr"]
[Black "Gorodetzky, David"]
[WhiteFideId "14120828"]
[BlackFideId "2813416"]
[WhiteElo "2723"]
[BlackElo "2494"]
[Result "1-0"]
[Round "06"]
[TimeControl "180+1"]
[Date "2022.05.24"]
[WhiteClock "0:00:35"]
[BlackClock "0:00:02"]

1. d4 Nf6 2. Nc3 d5 3. Bf4 e6 4. Nb5 Bb4+ 5. c3 Ba5 6. a4 a6 7. b4 Bxb4 8. cxb4 axb5 9. axb5 Rxa1 10. Qxa1 Nh5 11. Be5 f6 12. Bg3 Nd7 13. Qc3 Nxg3 14. hxg3 Nb6 15. e3 Bd7 16. Bd3 Kf7 17. Nf3 g6 18. g4 Kg7 19. g5 fxg5 20. Ne5 Be8 21. Ke2 Nd7 22. Rc1 Nxe5 23. dxe5 c6 24. Qc5 Rf8 25. b6 Rf7 26. Ra1 g4 27. g3 Qg5 28. Qd4 h5 29. Ra8 Bd7 30. Rb8 h4 31. Rxb7 hxg3 32. fxg3 Qh5 33. Kd2 Qh2+ 34. Be2 Qxg3 35. Rc7 Qh2 36. Qxg4 Qh8 37. Bd3 Qh2+ 38. Kc3 Kh6 39. Qxg6# 1-0


[Site "https://www.chess.com"]

[Event "Titled Tuesday Blitz May 24 Late 2022"]
[White "Bryakin, Mikhail"]
[Black "Jacobson, Brandon"]
[WhiteFideId "4165314"]
[BlackFideId "30901561"]
[WhiteElo "2417"]
[BlackElo "2362"]
[Result "1/2-1/2"]
[Round "06"]
[TimeControl "180+1"]
[Date "2022.05.24"]
[WhiteClock "0:00:06"]
[BlackClock "0:00:04"]

1. e4 c5 2. c3 Nf6 3. e5 Nd5 4. d4 cxd4 5. Nf3 Nc6 6. cxd4 d6 7. Bc4 dxe5 8. dxe5 Ndb4 9. Qxd8+ Nxd8 10. Na3 Be6 11. Bxe6 Nxe6 12. Bd2 Nc6 13. Bc3 g5 14. O-O-O Bg7 15. Rhe1 g4 16. Nh4 h5 17. Nf5 Bh6+ 18. Kb1 Bg5 19. g3 Rd8 20. Rxd8+ Kxd8 21. Rd1+ Kc8 22. Nc4 h4 23. a4 hxg3 24. hxg3 Rh2 25. Rf1 Rh5 26. Rd1 Kc7 27. b3 a6 28. Nce3 Bxe3 29. Nxe3 Nxe5 30. Nd5+ Kb8 31. Nxe7 Nf3 32. Rd7 Nc5 33. Rd5 Rxd5 34. Nxd5 Ne4 35. Ba5 Nxf2 36. Ne3 Ne5 37. Bc3 f6 38. Kc2 Kc8 39. Bd4 Kd7 40. Nd5 Ne4 41. Ne3 Ke6 42. Bxe5 fxe5 43. Nxg4 Nxg3 44. Ne3 Nf5 45. Nc4 Kd5 46. Kc3 e4 47. a5 Kc5 48. b4+ Kd5 49. Nb6+ Ke5 50. Nc4+ Kf4 51. Kd2 e3+ 52. Ke2 Ke4 53. b5 Nd4+ 54. Ke1 Nxb5 55. Ke2 Nd4+ 56. Ke1 Nc6 57. Nd6+ Kd3 58. Nxb7 Nd4 59. Nc5+ Kc4 60. Ne4 Nb3 61. Nd6+ Kc5 62. Nf5 e2 63. Kxe2 Nxa5 64. Kd3 Kb4 65. Ne3 Nb3 66. Nc2+ Ka4 67. Kc3 a5 68. Ne3 Nc5 69. Nc4 Ne4+ 70. Kb2 Kb4 71. Nxa5 1/2-1/2


[Site "https://www.chess.com"]

[Event "Titled Tuesday Blitz May 24 Late 2022"]
[White "Burke, Paul"]
[Black "Stanisz, Patryk"]
[WhiteFideId "2605767"]
[BlackFideId "1123106"]
[WhiteElo "1844"]
[BlackElo "1833"]
[Result "1-0"]
[Round "06"]
[TimeControl "180+1"]
[Date "2022.05.25"]
[WhiteClock "0:00:09"]
[BlackClock "0:00:54"]

1. e4 c5 2. d4 cxd4 3. c3 Nf6 4. e5 Nd5 5. Nf3 Nc6 6. Bd3 d6 7. Qe2 Bg4 8. exd6 Qxd6 9. O-O dxc3 10. bxc3 e6 11. Ba3 Qd8 12. Bxf8 Nf4 13. Qe4 Qxd3 14. Qxf4 Bxf3 15. gxf3 Kxf8 16. Na3 g5 17. Qf6 Rg8 18. Rfd1 Qxf3 19. Qxf3 Ke7 20. Rab1 Rab8 21. Qe3 b6 22. Nc4 h6 23. Ne5 Na5 24. Qe4 Rgd8 25. Nc6+ Nxc6 26. Qxc6 Rbc8 27. Qb7+ Kf6 28. Rxd8 Rxd8 29. Qxa7 Rd6 30. Qc7 Rd2 31. Qxb6 Rxa2 32. c4 h5 33. c5 h4 34. c6 h3 35. Qb2+ Rxb2 36. Rxb2 Ke7 37. Rd2 e5 38. c7 e4 39. c8=Q Kf6 40. Qg4 Kg6 41. Qxe4+ f5 42. Qe6+ Kh5 43. Qe2+ Kh4 44. Rd8 g4 45. Rh8+ Kg5 46. Qe3+ Kg6 47. Qf4 g3 48. fxg3 Kf6 49. Rxh3 Kg6 50. Rh4 Kg7 51. Qxf5 Kg8 52. Rg4+ Kh8 53. Qh5# 1-0


[Site "https://www.chess.com"]

[Event "Titled Tuesday Blitz May 24 Late 2022"]
[White "Can, Melih Kaan"]
[Black "Barp, Alberto"]
[WhiteFideId "6317383"]
[BlackFideId "872555"]
[WhiteElo "2049"]
[BlackElo "2229"]
[Result "1-0"]
[Round "06"]
[TimeControl "180+1"]
[Date "2022.05.24"]
[WhiteClock "0:01:12"]
[BlackClock "0:01:45"]

1. e4 c6 2. d4 d5 3. e5 c5 4. dxc5 e6 5. a3 Bxc5 6. b4 Be7 7. Qg4 g6 8. Bd3 Nc6 9. Nf3 f5 10. Qg3 Qc7 11. Bb2 Nh6 12. Nbd2 Nf7 13. O-O O-O 14. c4 Qd8 15. cxd5 exd5 16. Rfe1 Be6 17. Nb3 Qe8 18. Nbd4 Nxd4 19. Nxd4 Nd8 20. f4 Rc8 21. Rac1 Rxc1 22. Rxc1 Qd7 23. h4 a6 24. h5 Bf7 25. hxg6 hxg6 26. Kf2 Be8 27. Rh1 Ne6 28. Qh3 Ng7 29. e6 1-0


[Site "https://www.chess.com"]

[Event "Titled Tuesday Blitz May 24 Late 2022"]
[White "Csonka, Balazs"]
[Black "Martinez Alcantara, Jose Eduardo"]
[WhiteFideId "742910"]
[BlackFideId "3805662"]
[WhiteElo "2404"]
[BlackElo "2690"]
[Result "1/2-1/2"]
[Round "06"]
[TimeControl "180+1"]
[Date "2022.05.24"]
[WhiteClock "0:00:02"]
[BlackClock "0:00:06"]

1. d4 Nf6 2. c4 e6 3. Nc3 Bb4 4. Qc2 d6 5. Nf3 Nbd7 6. a3 Bxc3+ 7. Qxc3 b6 8. g3 Bb7 9. Bg2 O-O 10. O-O a5 11. b3 Be4 12. Bb2 Qb8 13. a4 c6 14. Ne1 Bxg2 15. Nxg2 Rc8 16. Rfe1 d5 17. Nf4 Qb7 18. Rac1 Qa6 19. cxd5 cxd5 20. Qd3 Qb7 21. f3 h6 22. h4 Rab8 23. Qb5 Rxc1 24. Rxc1 Rc8 25. Rxc8+ Qxc8 26. Qd3 Qb8 27. h5 Qd6 28. Kf2 Nb8 29. Qb5 Qc7 30. Qd3 Nc6 31. Qc3 Qd7 32. Ba3 Ne8 33. g4 Nd6 34. Nd3 f6 35. e3 Kf7 36. Qc2 Kg8 37. Nf4 Ne8 38. Ng6 Nb4 39. Bxb4 axb4 40. Qc8 Qf7 41. Qb8 f5 42. Ne5 Qe7 43. Ng6 Qf7 44. gxf5 exf5 45. Qxb6 Kh7 46. Qb8 f4 47. exf4 Kg8 48. a5 Qe6 49. a6 Kf7 50. a7 Qh3 51. Qb7+ Kg8 52. Qxd5+ Kh7 53. Nf8+ Kh8 54. Ng6+ Kh7 55. a8=Q Qh2+ 56. Ke3 Qg1+ 57. Kd3 Qb1+ 58. Ke3 Qe1+ 59. Kd3 Qf1+ 60. Kd2 Qf2+ 61. Kd1 Qf1+ 62. Kc2 Qe2+ 63. Kb1 1/2-1/2


[Site "https://www.chess.com"]

[Event "Titled Tuesday Blitz May 24 Late 2022"]
[White "Curtis, John"]
[Black "Villiers, Thomas"]
[WhiteFideId "3200256"]
[BlackFideId "427209"]
[WhiteElo "2203"]
[BlackElo "2164"]
[Result "1/2-1/2"]
[Round "06"]
[TimeControl "180+1"]
[Date "2022.05.25"]
[WhiteClock "0:00:06"]
[BlackClock "0:00:04"]

1. e4 e6 2. d4 d5 3. Nd2 dxe4 4. Nxe4 Nd7 5. Nf3 Ngf6 6. Nxf6+ Nxf6 7. Bd3 Be7 8. O-O O-O 9. a3 b6 10. Qe2 Bb7 11. Rd1 Qd5 12. c4 Qh5 13. Ne5 Qxe2 14. Bxe2 Rfd8 15. Be3 Rac8 16. b4 Ne4 17. Rd3 c5 18. bxc5 bxc5 19. Rad1 cxd4 20. Bxd4 a6 21. Be3 Rxd3 22. Rxd3 Nc5 23. Bxc5 Bxc5 24. Rd7 Be4 25. Kf1 f6 26. Bd3 Bxd3+ 27. Nxd3 Bxa3 28. c5 Bxc5 29. Nxc5 Rxc5 30. Rd6 a5 31. Rxe6 Kf7 32. Ra6 Kg6 33. Ra7 Rd5 34. Ke2 f5 35. f4 Kf6 36. Ra6+ Kf7 37. g3 g6 38. Ra7+ Ke6 39. Rxh7 Rd7 40. Rh8 Ra7 41. Kd3 a4 42. Kc2 a3 43. Kb1 Kd5 44. Rd8+ Ke4 45. Rd6 Rg7 46. Ka2 Kf3 47. Kxa3 Kg2 48. Rd2+ Kh3 49. Kb4 Re7 50. Kc5 Re1 51. Rd6 Kxh2 52. Rxg6 Re3 53. Rg5 Kh3 54. Kd4 Rxg3 55. Ke5 Ra3 56. Kxf5 Kh4 57. Rg8 Ra5+ 58. Ke6 Kh5 59. f5 Kh6 60. f6 Kh7 61. Rg3 Ra6+ 62. Kf5 Ra5+ 63. Ke6 Ra6+ 64. Ke5 Ra5+ 65. Kf4 Ra4+ 66. Kg5 Ra5+ 67. Kh4 Rf5 68. Rg7+ Kh8 69. Rf7 Kg8 70. Rg7+ Kf8 71. Kg4 Rxf6 72. Ra7 Rf7 73. Ra8+ Kg7 74. Kg5 Kh7 75. Ra5 Rg7+ 76. Kh5 Rb7 77. Re5 Rb6 78. Rc5 Kg8 79. Rc7 Kf8 80. Kg5 Ke8 81. Rc5 Kd8 82. Rd5+ Ke7 83. Rf5 Rd6 84. Kf4 Kd7 85. Re5 Kc6 86. Rh5 Rd4+ 87. Ke3 Rd5 88. Rh6+ Rd6 89. Rxd6+ Kxd6 1/2-1/2


[Site "https://www.chess.com"]

[Event "Titled Tuesday Blitz May 24 Late 2022"]
[White "D`Arruda, Ricardo D."]
[Black "Ansh M Shah"]
[WhiteFideId "100692"]
[BlackFideId "25033379"]
[WhiteElo "2489"]
[BlackElo "1819"]
[Result "1-0"]
[Round "06"]
[TimeControl "180+1"]
[Date "2022.05.25"]
[WhiteClock "0:00:21"]
[BlackClock "0:00:13"]

1. d4 Nf6 2. Nf3 g6 3. Nc3 d5 4. Bg5 Bg7 5. Bxf6 Bxf6 6. e4 dxe4 7. Nxe4 O-O 8. Bc4 Bg7 9. O-O b6 10. Qe2 Bb7 11. Rad1 Nd7 12. Rfe1 Nf6 13. Nxf6+ Bxf6 14. Ne5 Bd5 15. c3 Bxc4 16. Qxc4 e6 17. Nc6 Qd7 18. h3 Rfe8 19. g3 a5 20. a4 Kg7 21. h4 h5 22. f4 Qd5 23. b3 Qxc4 24. bxc4 Be7 25. Kf2 Bd6 26. Kf3 Rec8 27. Rb1 Kf8 28. Rb5 Ke8 29. c5 Kd7 30. Ne5+ Bxe5 31. Rxe5 Rab8 32. d5 exd5 33. Rxd5+ Kc6 34. Re5 Re8 35. cxb6 cxb6 36. c4 Rbd8 37. Ke3 Rxe5+ 38. Rxe5 Rd7 39. f5 Kd6 40. Rd5+ Kc6 41. fxg6 fxg6 42. Rg5 Rd6 43. Ke4 Re6+ 44. Kd4 Kd6 45. c5+ bxc5+ 46. Rxc5 Re4+ 47. Kxe4 Kxc5 48. Kf4 1-0


[Site "https://www.chess.com"]

[Event "Titled Tuesday Blitz May 24 Late 2022"]
[White "Darini, Pouria"]
[Black "Svane, Rasmus"]
[WhiteFideId "12502200"]
[BlackFideId "4657101"]
[WhiteElo "2483"]
[BlackElo "2674"]
[Result "1-0"]
[Round "06"]
[TimeControl "180+1"]
[Date "2022.05.24"]
[WhiteClock "0:00:15"]
[BlackClock "0:00:01"]

1. d4 Nf6 2. Bf4 d5 3. e3 e6 4. Nd2 Bd6 5. Bxd6 Qxd6 6. f4 c5 7. c3 O-O 8. Ngf3 b6 9. Bd3 a5 10. O-O Ba6 11. Bxa6 Nxa6 12. Ne5 b5 13. Rf3 b4 14. Rh3 bxc3 15. bxc3 cxd4 16. cxd4 Rfc8 17. g4 Nd7 18. g5 Nf8 19. Qh5 Ra7 20. Ng4 Qe7 21. Rg3 Kh8 22. Nf3 Nb4 23. Nfe5 Rac7 24. Rh3 Kg8 25. Rf1 Rc1 26. Rg3 Rxf1+ 27. Kxf1 Ng6 28. Rh3 Nf8 29. a3 Nc6 30. Nf3 Rb8 31. Rg3 Ng6 32. Kg2 Qxa3 33. Rh3 Nf8 34. Nf6+ gxf6 35. gxf6 Rb2+ 36. Kg3 Qxe3 37. Qh6 Qf2+ 38. Kg4 Qg2+ 39. Rg3 Qxg3+ 40. hxg3 1-0


[Site "https://www.chess.com"]

[Event "Titled Tuesday Blitz May 24 Late 2022"]
[White "De Souza, Regis Gabetta"]
[Black "Nozdrachev, Leonid"]
[WhiteFideId "22756930"]
[BlackFideId "24113433"]
[WhiteElo "1926"]
[BlackElo "2255"]
[Result "0-1"]
[Round "06"]
[TimeControl "180+1"]
[Date "2022.05.25"]
[WhiteClock "0:00:13"]
[BlackClock "0:01:17"]

1. d4 d6 2. c4 e5 3. d5 Be7 4. Nc3 Bg5 5. Bxg5 Qxg5 6. Nf3 Qe7 7. e4 Na6 8. a3 f5 9. exf5 Bxf5 10. Be2 Nf6 11. O-O Nc5 12. b4 Nfe4 13. Nb5 Na6 14. Nd2 O-O 15. Nxe4 Bxe4 16. Bg4 Kh8 17. Re1 Rf4 18. g3 Bc2 19. Qxc2 Rxg4 20. Re2 c6 21. dxc6 bxc6 22. Nc3 Rxc4 23. Qd3 d5 24. b5 Nc5 25. Qf3 Rf8 26. Nxd5 cxd5 27. Qxd5 Qf7 28. Qxf7 Rxf7 29. Rxe5 h6 30. Rd1 Rc2 31. f4 Rb7 32. a4 Nxa4 33. Rd8+ Kh7 34. Rd4 Nc3 35. f5 Ne2+ 0-1


[Site "https://www.chess.com"]

[Event "Titled Tuesday Blitz May 24 Late 2022"]
[White "Drygalov, Andrey"]
[Black "Grischuk, Alexander"]
[WhiteFideId "24171735"]
[BlackFideId "4126025"]
[WhiteElo "2540"]
[BlackElo "2762"]
[Result "1/2-1/2"]
[Round "06"]
[TimeControl "180+1"]
[Date "2022.05.24"]
[WhiteClock "0:00:53"]
[BlackClock "0:00:28"]

1. e4 e6 2. d4 d5 3. Nd2 c5 4. exd5 Qxd5 5. Ngf3 cxd4 6. Bc4 Qd6 7. O-O Nf6 8. Nb3 Nc6 9. Nbxd4 Nxd4 10. Nxd4 Be7 11. c3 O-O 12. Qf3 Qc7 13. Bb3 e5 14. Nf5 Bxf5 15. Qxf5 a5 16. Bg5 Ra6 17. Rfe1 h6 18. Bh4 e4 19. Bxf6 Rxf6 20. Qxe4 Bc5 21. Re2 g6 22. Rf1 Kg7 23. g3 Rd8 24. Kg2 Rd7 25. Bd5 b5 26. b3 Re7 27. Qd3 Rxe2 28. Qxe2 Rf5 29. c4 bxc4 30. bxc4 Qe5 31. Qxe5+ Rxe5 32. Kf3 h5 1/2-1/2


[Site "https://www.chess.com"]

[Event "Titled Tuesday Blitz May 24 Late 2022"]
[White "Drygalov, Sergey"]
[Black "Jia, Haoxiang"]
[WhiteFideId "24171743"]
[BlackFideId "8602999"]
[WhiteElo "2514"]
[BlackElo "2638"]
[Result "1/2-1/2"]
[Round "06"]
[TimeControl "180+1"]
[Date "2022.05.24"]
[WhiteClock "0:00:03"]
[BlackClock "0:00:25"]

1. d4 d5 2. c4 c6 3. Nf3 Nf6 4. Nc3 dxc4 5. a4 Bf5 6. Ne5 Nbd7 7. Nxc4 Nb6 8. Ne5 a5 9. h4 Nfd7 10. e4 Nxe5 11. exf5 Nec4 12. b3 Nd6 13. Bd3 g6 14. fxg6 hxg6 15. h5 Qd7 16. Be3 Bg7 17. Qf3 O-O-O 18. O-O-O Rxh5 19. Rxh5 gxh5 20. Qxh5 Qe6 21. Kc2 Nd5 22. Nxd5 Qxd5 23. Qxd5 cxd5 24. Kd2 Kd7 25. Ke2 b6 26. g4 Rc8 27. f3 Rc3 28. Rb1 e6 29. Kd2 Rc8 30. Rh1 Rh8 31. Rxh8 Bxh8 32. Kc3 Bf6 33. Bf4 Bh4 34. Be5 f6 35. Bf4 Be1+ 36. Bd2 Bxd2+ 37. Kxd2 e5 38. Ke3 Ke6 39. f4 e4 40. Be2 f5 41. g5 Kf7 42. Kf2 Kg6 43. Kg3 Kg7 44. Kh4 Kg6 45. Kg3 Kg7 46. Kf2 Kg6 47. Ke3 Kg7 48. Kd2 Kg6 49. Kc3 Kg7 50. Bh5 Kh7 51. Be2 Kg6 52. b4 Kg7 53. bxa5 bxa5 54. Bb5 Kf7 55. Bc6 Ke6 56. Ba8 Nc8 57. Bc6 Ne7 58. Be8 Nc8 59. Kd2 Nd6 60. Bb5 Nf7 61. Bc6 Nd8 62. Ba8 Nf7 63. g6 Nh6 64. Ke3 Ng8 65. Kf2 Ne7 66. Bb7 Kf6 67. Bc8 Nxg6 68. Ke3 Ne7 69. Bd7 Ng6 70. Bc8 Nf8 71. Kf2 Ne6 72. Ke3 Nd8 73. Bd7 Nb7 74. Bc6 Nd6 75. Bxd5 Ke7 76. Bb3 Ne8 77. d5 Kd6 78. Kd4 Nf6 79. Ba2 Nh5 80. Ke3 Nf6 81. Kd4 Nd7 82. Bc4 Nc5 83. Bb5 Nb3+ 84. Kc3 Nc1 85. Kd4 Na2 86. Be8 Nb4 87. Bg6 Nc2+ 88. Kc3 Ne3 89. Kd4 Nxd5 90. Bxf5 e3 91. Kd3 Kc5 92. Be4 Nxf4+ 93. Kxe3 Kb4 94. Kxf4 Kxa4 95. Bc6+ Kb4 96. Be8 a4 97. Bxa4 1/2-1/2


[Site "https://www.chess.com"]